 Dungeon Crawl Stone Soup version 0.30-a0-954-gcf5f444c16 (webtiles) character file.

Game seed: 4430712188747752135

517 Lavandula the Martial Artist (level 7, 2/48 HPs)
             Began as a Merfolk Transmuter on Mar 29, 2023.
             Was an Initiate of Ashenzari.
             Quit the game on level 4 of the Dungeon.
             The game lasted 00:09:35 (3785 turns).

Lavandula the Martial Artist (Merfolk Transmuter)   Turns: 3785, Time: 00:09:36

Health: 2/48       AC:  7    Str: 12    XL:     7   Next: 20%
Magic:  10/10      EV: 11    Int: 13    God:    Ashenzari [......]
Gold:   241        SH:  0    Dex: 14    Spells: 7/10 levels left

rFire   . . .      SeeInvis .      - Unarmed
rCold   . . .      Faith    +    (no shield)
rNeg    . . .      Spirit   .    f - +0 ring mail
rPois   .          Reflect  .    (no helmet)
rElec   .          Rampage  .    g - +0 cloak
rCorr   .                        q - +0 pair of gloves
Will    .....                    (no boots)
Stlth   +                        d - amulet of faith
HPRegen 0.28/turn                (no ring)
MPRegen 0.12/turn                (no ring)

@: brilliant, lethally poisoned (2 -> 0), attractive, invisible
A: (nimble swimmer 2), mertail
a: Renounce Religion


You were on level 4 of the Dungeon.
You worshipped Ashenzari.
Ashenzari was noncommittal.
You visited 2 branches of the dungeon, and saw 5 of its levels.

You collected 241 gold pieces.

Inventory:

Missiles
 m - 3 javelins
Armour
 a - a +0 robe
 e - a +0 plate armour
 f - a +0 ring mail (worn)
 g - a +0 cloak (worn)
 p - a +0 leather armour of cold resistance
 q - a +0 pair of gloves (worn)
Jewellery
 d - an amulet of faith (around neck)
Wands
 j - a wand of roots (4)
 u - a wand of paralysis (1)
Scrolls
 n - a scroll of torment
 o - a scroll of immolation {unknown}
 t - a scroll of butterflies {unknown}
 v - 2 scrolls of noise
 w - a scroll of fog {unknown}
 x - a scroll of fear {unknown}
Potions
 c - 2 potions of might


   Skills:
 - Level 1.1 Fighting
 - Level 2.6 Dodging
 + Level 8.8 Unarmed Combat
 - Level 2.0 Spellcasting
 - Level 2.6 Transmutations


You had 7 spell levels left.
You knew the following spells:

 Your Spells              Type           Power      Damage    Failure   Level
a - Beastly Appendage     Tmut           24%        N/A       19%         1
b - Wereblood             Tmut           12%        N/A       28%         2

Your spell library contained the following spells:

 Spells                   Type           Power      Damage    Failure   Level
 Apportation              Tloc           2%         N/A       50%         1
 Necrotise                Necr           4%         1d4       50%         1
 Summon Small Mammal      Summ           4%         N/A       50%         1
 Spider Form              Tmut/Pois      7%         N/A       69%         3
 Ice Form                 Ice/Tmut       7%         N/A       97%         4


Dungeon Overview and Level Annotations

Branches:
Dungeon (4/15)             Temple (1/1) D:4

Altars:
Ashenzari
Cheibriados
Fedhas
Gozag
Hepliaklqana
Kikubaaqudgha
Makhleb
Nemelex Xobeh
Trog
Vehumet
Wu Jian
Xom
Zin
The Shining One

Annotations:
Temple 2 transporters


Innate Abilities, Weirdness & Mutations

((You are very nimble when in or above water. (Stealth+, EV+, Speed+++)))
Your lower body shifts to a powerful aquatic tail in water.


Message History

The grasping roots constrict the scorpion.
You feel sick.
You hear an angry hiss.
The scorpion stings you.
* * * LOW HITPOINT WARNING * * *
Okay, then.
Unknown command.
The grasping roots constrict the scorpion.
* * * LOW HITPOINT WARNING * * *
You feel sick.
The roots release their grip on the scorpion.
Unknown command.
It was a potion of brilliance.
You feel clever all of a sudden.
* * * LOW HITPOINT WARNING * * *
You feel sick.
The scorpion stings you but does no damage.
The scorpion barely misses you.
It was a potion of attraction.
You feel attractive to monsters.
* * * LOW HITPOINT WARNING * * *
You feel sick.
The scorpion stings you but does no damage.
It was a potion of invisibility.
You fade into invisibility!
* * * LOW HITPOINT WARNING * * *
You feel sick. The scorpion barely misses you.
Unknown command.
Okay, then.
Unknown command.
Okay, then.
Blink to where?
Press: ? - help, Dir - move target, p - scorpion
As you read the scroll of blinking, it crumbles to dust.
* * * LOW HITPOINT WARNING * * *
You feel sick. The scorpion is attracted toward you.
Unknown command.
Okay, then.
Unknown command.
Are you sure you want to abandon this character and quit the game? (Confirm with "yes".)

# #.##.# ##.._..#
#.##.##.# #♣...♣#
#.......# ###♣.♣#
####.#### ##.##'#
##.######.....#
#............## ##
#.....##....##
#......#§##.#.#########
##.##.###...s...@.......
#.....# ####.#.#########
#.#.#.######.#.#
#.........>..#.#
#.#.#..#######.#####
#.....##### #.....#
#.........####.###.#
##.######...##.###.#
######## #.#
#.#......#.# #......#


You could see a scorpion (unable to see you).

Vanquished Creatures
  3 scorpions
  A howler monkey (D:3)
  2 jellies (D:4)
  An orc priest (D:4)
  An iguana (D:4)
  2 orc wizards (D:4)
  3 gnolls (D:3)
  4 adders
  A worm (D:3)
  A dart slug (D:4)
  8 orcs
  6 endoplasms
  2 giant cockroaches (D:4)
  8 goblins
  7 hobgoblins
  2 jackals (D:3)
  3 quokkas
  4 ball pythons
  6 bats
  2 frilled lizards
  6 kobolds
  3 rats
76 creatures vanquished.

Notes
Turn   | Place    | Note
-------+----------+-------------------------------------------
     0 | D:1      | Lavandula the Merfolk Transmuter began the quest for the
                  | Orb.
     0 | D:1      | Reached XP level 1. HP: 15/15 MP: 3/3
   272 | D:1      | Found a faded altar of an unknown god.
   314 | D:1      | Reached XP level 2. HP: 21/21 MP: 3/5
   394 | D:1      | Reached skill level 4 in Unarmed Combat
   828 | D:2      | Learned a level 2 spell: Wereblood
   925 | D:2      | Reached XP level 3. HP: 23/26 MP: 4/6
  1052 | D:2      | Found a glowing silver altar of Zin.
  1650 | D:3      | Reached skill level 5 in Unarmed Combat
  1654 | D:3      | Reached XP level 4. HP: 26/32 MP: 4/7
  2112 | D:3      | Reached skill level 6 in Unarmed Combat
  2112 | D:3      | Reached XP level 5. HP: 36/37 MP: 5/8
  2753 | D:4      | Reached skill level 7 in Unarmed Combat
  2788 | D:3      | Reached XP level 6. HP: 11/43 MP: 9/9
  2986 | D:4      | Found a bloodstained altar of Trog.
  2987 | D:4      | Found a sparkling altar of Nemelex Xobeh.
  3145 | D:4      | Reached skill level 8 in Unarmed Combat
  3159 | D:4      | Found a staircase to the Ecumenical Temple.
  3233 | Temple   | Entered the Ecumenical Temple
  3233 | Temple   | Found a transporter.
  3233 | Temple   | Found a transporter.
  3235 | Temple   | Found a transporter.
  3235 | Temple   | Found a transporter.
  3247 | Temple   | Became a worshipper of Ashenzari the Shackled
  3613 | D:4      | Found an opulent altar of Gozag.
  3685 | D:4      | Found a hazy altar of Hepliaklqana.
  3739 | D:4      | Reached XP level 7. HP: 22/48 MP: 7/10
  3784 | D:4      | HP: 2/48 [poisoned by a scorpion]
  3785 | D:4      | Quit the game

Illustrated notes

Levels and vault maps discovered:
D:1:      minmay_arrival_shoal_huts, layout_basic, serial_curves,
          eino_curves_04, eino_curves_04, basic_ecumenical_altar,
          hex_intersection
D:2:      layout_loops_ring, basic_altar
D:3:      layout_basic
D:4:      layout_loops_corners, chequers_temple_overflow_statue_of_worship,
          worldfamousw_hep_ancestral_shrine, mainiacjoe_overflow_alcove_2,
          minmay_temple_entry_nine_rooms, serial_glass, glass_columns_b,
          glass_columns_a, glass_columns_b, glass_columns_a, glass_columns_a,
          glass_columns_b, chequers_mini_garden
Temple:   hellmonk_temple_divided_pantheon

Skill      XL: |  1  2  3  4  5  6 |
---------------+-------------------+-----
Unarmed Combat | 4 5 6 7 8 |  8.8
Fighting       | |  1.1
Dodging        | |  2.6
Spellcasting   | |  2.0
Transmutations | |  2.6

Action                     |  1- 3 |  4- 6 |  7- 9 || total
---------------------------+-------+-------+-------++-------
  Melee: Unarmed           |    97 |   174 |     2 ||   273
         Headbutt          |     9 |    23 |       ||    32
         Punch             |     4 |     8 |       ||    12
   Cast: Beastly Appendage |    17 |    22 |       ||    39
         Wereblood         |     1 |     4 |       ||     5
  Evoke: Wand              |       |       |     2 ||     2
    Use: Scroll            |       |     3 |     3 ||     6
         Potion            |       |     1 |     4 ||     5
 Armour: Robe              |     8 |       |       ||     8
         Plate armour      |     2 |       |       ||     2
         Ring mail         |    19 |    50 |     2 ||    71
         Skin              |       |       |     1 ||     1
  Dodge: Dodged            |    52 |    71 |     2 ||   125

Table legend: (Time is in decaauts)
 A = Elapsed time spent in this place.
 B = Non-inter-level travel time spent in this place.
 C = Inter-level travel time spent in this place.
 D = Time resting spent in this place.
 E = Time spent auto-exploring this place.
 F = Levels seen in this place.
 G = Mean time per level.
                   A        B        C        D        E       F      G
               +--------+--------+--------+--------+--------+-----+--------+
         Total |   3728 |   3574 |    154 |    419 |   2374 |   5 |  745.6 |
       Dungeon |   3702 |   3559 |    143 |    419 |   2374 |   4 |  925.5 |
        Temple |     25 |     15 |     10 |      0 |      0 |   1 |   25.0 |
               +--------+--------+--------+--------+--------+-----+--------+

Top non-repeatable levels by time:
     D:3: 1130 daAuts
     D:4: 1076 daAuts
     D:1: 780 daAuts
     D:2: 713 daAuts
  Temple: 25 daAuts
